 Dungeon Crawl Stone Soup version 0.29-a0-477-g62b78b4225 (webtiles) character file.

Game seed: 831837955943713517

102 siradein the Skirmisher (level 4, -4/40 HPs)
             Began as a Ghoul Fighter on May 24, 2022.
             Slain by a gnoll
             ... wielding a +0 whip
              (7 damage)
             ... on level 2 of the Dungeon.
             The game lasted 00:02:34 (1701 turns).

siradein the Skirmisher (Ghoul Fighter)             Turns: 1701, Time: 00:02:35

Health: -4/40      AC: 14    Str: 21    XL:     4   Next: 77%
Magic:  0/3        EV:  9    Int:  3    God:
Gold:   74         SH:  4    Dex:  8    Spells: 3/3 levels left

rFire   . . .      SeeInvis .   a - +0 flail
rCold   + . .      Faith    .   c - +0 buckler
rNeg    + + +      Spirit   +   b - +0 scale mail
rPois   ∞          Reflect  .   o - +2 hat
rElec   .          Harm     .   (no cloak)
rCorr   .          Rampage  .   (no gloves)
Will    .....                   m - +0 pair of boots
Stlth   ..........              e - amulet of guardian spirit
HPRegen 0.00/turn               k - +4 ring of protection
MPRegen 0.08/turn               (no ring)

@: inhibited regen
A: claws 1, cold resistance 1, negative energy resistance 3, inhibited
regeneration, torment resistance 2, devour on kill
a: no special abilities


You were on level 2 of the Dungeon.
You visited 1 branch of the dungeon, and saw 2 of its levels.

You collected 74 gold pieces.

Inventory:

Hand Weapons
 a - a +0 flail (weapon)
Missiles
 f - 27 stones (quivered)
Armour
 b - a +0 scale mail (worn)
 c - a +0 buckler (worn)
 m - a +0 pair of boots (worn)
 o - a +2 hat (worn)
Jewellery
 e - an amulet of guardian spirit (around neck)
 k - a +4 ring of protection (left claw)
 n - an amulet of magic regeneration
Wands
 l - a wand of digging (1)
Scrolls
 g - a scroll of enchant weapon {unknown}
 h - a scroll of identify {unknown}
Potions
 d - a potion of might
 i - a potion of berserk rage {unknown}
 j - 3 potions of curing {unknown}


   Skills:
 + Level 4.1 Fighting
 + Level 2.6 Maces & Flails
 + Level 3.3 Armour
 + Level 3.3 Shields


You had 3 spell levels left.
You didn't know any spells.
Your spell library was empty.

Dungeon Overview and Level Annotations

Branches:
Dungeon (2/15)

Altars:


Innate Abilities, Weirdness & Mutations

You are immune to poison.
You have sharp fingernails.
Your flesh is cold resistant. (rC+)
You are immune to negative energy. (rN+++)
You do not regenerate when monsters are visible.
You are immune to unholy pain and torment.
You thrive by killing the living.


Message History

A gnoll comes into view. It is wielding a +0 whip.
The gnoll closely misses you.
A gnoll comes into view. It is wielding a +0 club.
You closely miss the gnoll. The gnoll barely misses you.
The gnoll completely misses you. The gnoll hits you but does no damage.
The gnoll hits you but does no damage.
You hit the gnoll.
The gnoll is moderately wounded.
The gnoll hits you but does no damage. The gnoll hits you with a +0 halberd!
The gnoll misses you. The gnoll hits you but does no damage.
You hit the gnoll.
The gnoll is heavily wounded.
You block the gnoll's attack. x2
You sock the gnoll!
You kill the gnoll!
You feel better.
The gnoll hits you from afar with a +1 vampiric halberd!
The gnoll closely misses you.
The gnoll hits you with a +1 vampiric halberd!
Things that are here:
a +0 halberd; a gnoll corpse The gnoll misses you.
The gnoll misses you.
You closely miss the gnoll.
The gnoll hits you with a +1 vampiric halberd!
* * * LOW HITPOINT WARNING * * *
You block the gnoll's attack. You block the gnoll's attack.
The gnoll attacks as you move away! The gnoll barely misses you.
The gnoll attacks as you move away! The gnoll closely misses you.
You closely miss the gnoll. The gnoll hits you with a +0 whip.
* * * LOW HITPOINT WARNING * * *
You barely miss the gnoll. You block the gnoll's attack.
The gnoll hits you with a +0 whip.
* * * LOW HITPOINT WARNING * * *
The gnoll closely misses you. The gnoll hits you but does no damage.
You closely miss the gnoll. The gnoll barely misses you.
The gnoll hits you with a +0 whip!
You die...

######### #.......#
#.......# ########
#.......# ###.gggg@#
###.......# ####....#####
#.........# #....##.#
##.##.....##
#.##....#######..#<......#
#)##.####....)..##.......#
♣g♣##.....########.......#
♣g♣ ####### ##...^.##
♣g.)♣ #.......# ♣.?.♣
#.......#


You could see 4 gnolls.

Vanquished Creatures
  Natasha (D:2)
  Robin (D:2)
  2 gnolls
  2 dart slugs (D:1)
  6 bats (D:1)
  2 endoplasms (D:1)
  A giant cockroach (D:1)
  10 goblins
  A hobgoblin (D:1)
  5 kobolds
  A quokka (D:1)
  2 ball pythons (D:1)
  A frilled lizard (D:2)
  9 rats
44 creatures vanquished.

Notes
Turn   | Place    | Note
-------+----------+-------------------------------------------
     0 | D:1      | siradein the Ghoul Fighter began the quest for the Orb.
     0 | D:1      | Reached XP level 1. HP: 19/19 MP: 0/0
   438 | D:1      | Reached XP level 2. HP: 19/26 MP: 1/1
   554 | D:1      | Reached XP level 3. HP: 21/31 MP: 2/2
   776 | D:1      | Found a faded altar of an unknown god.
  1198 | D:2      | Noticed Natasha
  1206 | D:2      | Killed Natasha
  1207 | D:2      | Reached XP level 4. HP: 35/40 MP: 3/3
  1299 | D:2      | Noticed Robin
  1353 | D:1      | Reached skill level 4 in Fighting
  1378 | D:2      | Killed Robin
  1701 | D:2      | Slain by a gnoll

Illustrated notes

Levels and vault maps discovered:
D:1:      dpeg_arrival_snail, layout_basic,
          hellmonk_ecumenical_altar_pennies_from_heaven, kennysheep_boxes
D:2:      layout_rooms, basic_altar, pf_guarded_unrand_woodcutter, uniq_natasha,
          uniq_robin, uniq_jessica

Skill      XL: |  1  2  3  4 |
---------------+-------------+-----
Maces & Flails | 2 |  2.6
Armour         | 3 |  3.3
Shields        | 3 |  3.3
Fighting       | 4 |  4.1

Action                   |  1- 3 |  4- 6 || total
-------------------------+-------+-------++-------
Melee: Flail             |    67 |    63 ||   130
Armor: Scale mail        |    31 |    55 ||    86
Dodge: Dodged            |    33 |    55 ||    88
Block: Buckler           |     8 |    24 ||    32

Table legend: (Time is in decaauts)
 A = Elapsed time spent in this place.
 B = Non-inter-level travel time spent in this place.
 C = Inter-level travel time spent in this place.
 D = Time resting spent in this place.
 E = Time spent auto-exploring this place.
 F = Levels seen in this place.
 G = Mean time per level.
                   A        B        C        D        E       F      G
               +--------+--------+--------+--------+--------+-----+--------+
         Total |   1776 |   1721 |     55 |      0 |   1320 |   2 |  888.0 |
       Dungeon |   1776 |   1721 |     55 |      0 |   1320 |   2 |  888.0 |
               +--------+--------+--------+--------+--------+-----+--------+

Top non-repeatable levels by time:
     D:1: 1257 daAuts
     D:2: 518 daAuts
